 Dungeon Crawl Stone Soup version 0.29.1-12-g30fa7ad0bf (webtiles) character file.

Game seed: 3009959768270898106

140 rakiston the Shooter (level 5, 0/45 HPs)
             Began as a Naga Hunter on Jan 13, 2023.
             Slain by Jessica
             ... wielding a +0 dagger
              (5 damage)
             ... on level 2 of the Dungeon.
             The game lasted 00:16:22 (1368 turns).

rakiston the Shooter (Naga Hunter)                  Turns: 1368, Time: 00:16:24

Health: 0/45       AC:  3    Str: 13    XL:     5   Next: 23%
Magic:  5/5        EV: 13    Int:  9    God:
Gold:   59         SH:  0    Dex: 17    Spells: 4/4 levels left

rFire   . . .      SeeInvis +   a - +0 shortbow (flame)
rCold   . . .      Faith    .   (shield currently unavailable)
rNeg    . . .      Spirit   .   c - +0 leather armour
rPois   +          Reflect  .   (no helmet)
rElec   .          Harm     .   (no cloak)
rCorr   .          Rampage  .   (no gloves)
Will    .....                   (no barding)
Stlth   ++........              (no amulet)
HPRegen 0.15/turn               e - +4 ring of evasion
MPRegen 0.09/turn               (no ring)

@: very slow
A: AC +1, large, see invisible, deformed body, poison resistance, slowness 2,
spit poison 1, naga tail 1
a: Spit Poison


You were on level 2 of the Dungeon.
You visited 1 branch of the dungeon, and saw 2 of its levels.

You collected 59 gold pieces.

Inventory:

Hand Weapons
 a - a +0 shortbow of flaming (weapon)
Armour
 c - a +0 leather armour (worn)
Jewellery
 e - a +4 ring of evasion (left hand)
Scrolls
 b - a scroll of immolation
 d - a scroll of identify
 f - a scroll of vulnerability
 j - a scroll of poison {unknown}
 k - a scroll of teleportation {unknown}
Potions
 g - a potion of haste
 h - a potion of brilliance {unknown}


   Skills:
 - Level 2.1 Fighting
 + Level 5.7 Ranged Weapons
 - Level 1.5 Dodging
 + Level 1.9 Stealth


You had 4 spell levels left.
You didn't know any spells.
Your spell library was empty.

Dungeon Overview and Level Annotations

Branches:
Dungeon (2/15)

Altars:

Annotations:
D:2 Jessica


Innate Abilities, Weirdness & Mutations

Your serpentine skin is tough. (AC +1)
You have supernaturally acute eyesight. (SInv)
Armour fits poorly on your strangely shaped body.
Your system is resistant to poisons. (rPois)
You cover ground very slowly.
You can spit poison.
You have a snake-like lower body.


Message History

The giant cockroach bites you.
* * * LOW HITPOINT WARNING * * *
The giant cockroach bites you.
* * * LOW HITPOINT WARNING * * *
Jessica shouts, "You are a ghastly nuisance!"
Jessica mumbles some strange words.
Jessica blinks!
Fire: a) +0 shortbow (flame)
Press: ? - help, Q - select action, (/) - cycle Shift-Dir - straight line, f/p - giant cockroach
Aim: a giant cockroach (heavily wounded, 63% to hit)
You shoot an arrow.
The arrow hits the giant cockroach but does no damage.
The giant cockroach is heavily wounded.
The giant cockroach closely misses you. The giant cockroach barely misses you.
Jessica barely misses you.
Fire: a) +0 shortbow (flame)
Press: ? - help, Q - select action, (/) - cycle Shift-Dir - straight line, f/p - giant cockroach
Aim: a giant cockroach (heavily wounded, 63% to hit)
You shoot an arrow. The arrow hits the giant cockroach!
The arrow burns the giant cockroach.
You kill the giant cockroach!
Jessica hits you but does no damage. Jessica misses you.
Fire: a) +0 shortbow (flame)
Press: ? - help, Q - select action, (/) - cycle Shift-Dir - straight line, f - Jessica
Aim: Jessica, wielding a +0 dagger, wearing a +0 robe and carrying a wand of roots (8) (fast, 63% to hit)
You shoot an arrow. The arrow barely misses Jessica.
Jessica hits you with a +0 dagger.
* * * LOW HITPOINT WARNING * * *
Fire: a) +0 shortbow (flame)
Press: ? - help, Q - select action, (/) - cycle Shift-Dir - straight line, f/p - Jessica
Aim: Jessica, wielding a +0 dagger, wearing a +0 robe and carrying a wand of roots (8) (fast, 63% to hit)
You shoot an arrow.
The arrow hits Jessica but does no damage.
Jessica completely misses you. Jessica barely misses you.
Fire: a) +0 shortbow (flame)
Press: ? - help, Q - select action, (/) - cycle Shift-Dir - straight line, f/p - Jessica
Aim: Jessica, wielding a +0 dagger, wearing a +0 robe and carrying a wand of roots (8) (fast, 63% to hit)
You shoot an arrow. The arrow barely misses Jessica.
Jessica hits you with a +0 dagger.
You die...

....####.# # #. #
####. .# #.##> #
.## .g#.. ....
#g#.# #..# #.#.#
#..# #.###)#.# #..#
#....g#.########
#..#
#.#).@@..[######..#
##)####...........#
###
#...######.#####
##### #.#.....
##.####. ## ##


You could see Jessica (fast).

Vanquished Creatures
  A necrophage (D:2)
  Robin (D:2)
  2 adders (D:2)
  2 dart slugs (D:1)
  5 endoplasms (D:1)
  2 giant cockroaches (D:2)
  8 goblins
  3 hobgoblins
  A kobold (D:1)
  A quokka (D:1)
  4 ball pythons (D:1)
  8 bats
  5 frilled lizards (D:1)
  3 rats (D:1)
46 creatures vanquished.

Notes
Turn   | Place    | Note
-------+----------+-------------------------------------------
     0 | D:1      | rakiston the Naga Hunter began the quest for the Orb.
     0 | D:1      | Reached XP level 1. HP: 19/19 MP: 1/1
   161 | D:1      | Reached XP level 2. HP: 26/26 MP: 2/2
   201 | D:1      | Reached skill level 4 in Ranged Weapons
   267 | D:1      | Found a faded altar of an unknown god.
   728 | D:1      | Reached XP level 3. HP: 32/32 MP: 3/3
  1080 | D:2      | Noticed Jessica
  1080 | D:2      | Noticed Robin
  1169 | D:2      | Noticed a necrophage
  1179 | D:2      | Killed a necrophage
  1180 | D:2      | Reached skill level 5 in Ranged Weapons
  1180 | D:2      | Reached XP level 4. HP: 29/39 MP: 4/4
  1264 | D:2      | Reached XP level 5. HP: 45/45 MP: 5/5
  1321 | D:2      | Killed Robin
  1368 | D:2      | Slain by Jessica

Illustrated notes

Levels and vault maps discovered:
D:1:      amcnicky_arrival_choice, layout_basic,
          ebering_ecumenical_altar_petrified
D:2:      layout_loops_ring, uniq_jessica, uniq_robin

Skill      XL: |  1  2  3 |
---------------+----------+-----
Ranged Weapons | 4 5 |  5.7
Fighting       | |  2.1
Dodging        | |  1.5
Stealth        | |  1.9

Action                   |  1- 3 |  4- 6 || total
-------------------------+-------+-------++-------
 Fire: Shortbow          |    85 |    50 ||   135
 Abil: Spit Poison       |     9 |     2 ||    11
  Use: Scroll            |     1 |     1 ||     2
       Potion            |     1 |       ||     1
Armor: Leather armour    |    13 |    11 ||    24
Dodge: Dodged            |    43 |    30 ||    73
